 Dungeon Crawl Stone Soup version 0.23.1 (webtiles) character file.

Game seed: 12943669688492618009

1199 Kairos the Chopper (level 8, -2/42 HPs)
             Began as a Vine Stalker Fighter on Mar 5, 2019.
             Slain by an orc warrior
             ... wielding a +0 battleaxe
              (14 damage)
             ... on level 6 of the Dungeon.
             The game lasted 00:05:46 (4336 turns).

Kairos the Chopper (Vine Stalker Fighter)           Turns: 4336, Time: 00:05:47

Health: -2/42      AC: 10    Str: 21    XL:     8   Next: 44%
Magic:  0/9        EV:  6    Int:  8    God:
Gold:   243        SH: 17    Dex: 14    Spells: 7/7 levels left

rFire    + + .     SeeInvis .   a - +1 war axe
rCold    x . .     Gourm    .   g - +2 large shield
rNeg     . . .     Faith    .   i - +0 fire dragon scales
rPois    .         Spirit   +   (no helmet)
rElec    .         Reflect  .   n - +0 cloak
rCorr    .         Harm     .   (no gloves)
MR       +....                  (no boots)
Stlth    ..........             b - amulet of regeneration
HPRegen  0.94/turn              (no ring)
MPRegen  0.11/turn              (no ring)

@: lethally poisoned (-2 -> -2)
A: fangs 3, regeneration 1, magic shield, antimagic bite, no potion heal 3, rot
immunity
a: no special abilities


You were on level 6 of the Dungeon.
You were hungry.

You visited 1 branch of the dungeon, and saw 6 of its levels.

You collected 243 gold pieces.

Inventory:

Hand Weapons
 a - a +1 war axe (weapon)
Missiles
 l - 7 silver tomahawks (quivered)
Armour
 g - a +2 large shield (worn)
 i - +0 fire dragon scales (worn)
 n - a +0 cloak (worn)
 t - the -4 cloak of Zoupeex {rElec Str+3 Int+4 Dex+2}
   (You found it on level 5 of the Dungeon)

   It affects your strength (+3).
   It affects your intelligence (+4).
   It affects your dexterity (+2).
   It insulates you from electricity.
Jewellery
 b - an amulet of regeneration (around neck)
Wands
 r - a wand of enslavement (11)
 s - a wand of acid (12)
Scrolls
 h - 4 scrolls of amnesia
 k - 2 scrolls of magic mapping
 m - 2 scrolls of remove curse
 p - a scroll of fog
 q - 2 scrolls of fear
Potions
 c - a potion of invisibility
 d - a potion of might
 e - 4 potions of curing
 j - a potion of cancellation
 o - a potion of flight
Comestibles
 f - 9 rations


   Skills:
 + Level 4.4 Fighting
 + Level 6.0 Axes
 + Level 4.1 Armour
 + Level 1.3 Dodging
 + Level 0.1 Stealth
 + Level 4.9 Shields


You had 7 spell levels left.
You didn't know any spells.
Your spell library was empty.

Dungeon Overview and Level Annotations

Branches:
Dungeon (6/15)
 Temple: D:4-7

Altars:
Cheibriados
Gozag
Makhleb
Qazlal
Ru
Uskayaw
Xom
The Shining One


Innate Abilities, Weirdness & Mutations

You have razor-sharp teeth.
Your natural rate of healing is unusually fast.
When hurt, damage is shared between your health and your magic reserves.
Your bite disrupts and absorbs the magic of your enemies.
Potions cannot restore your health.
You are immune to rotting.


Message History

You hit the orc warrior but do no damage.
You feel sick.
The orc priest calls down the wrath of Beogh upon you.
Beogh smites you!
* * * LOW HITPOINT WARNING * * *
You block the orc warrior's attack. You block the orc's attack.
You are too injured to fight recklessly!
You feel sick.
The orc priest looks satisfied for a moment.
You feel sick.
You feel sick.
You feel sick.
You feel sick.
The orc priest miscasts a cantrip.
You feel sick.
You feel sick.
There is a stone staircase leading up here.
You feel sick.
The orc warrior hits you with a +0 battleaxe!
You die...

#.# #######.#####
............#
######.###.# #....# #.#
#+# #....###.# #.#
#........# #.#
#........###.#########
##.#..@oo.o..#...#...#
#.#.###.###.....o.⌠.#
...............)#...#
.#.#.#######.###.##.###
#...#.............#...#.
##. ..............#.⌠.oo
# ###.##..###.#...#.
.......# #.##.###
#.......# #.#...


You could see an orc warrior, an orc priest and an orc.

Vanquished Creatures
  Sigmund (D:3)
  2 ice beasts (D:5)
  An ogre (D:4)
  2 bullfrogs
  A scorpion (D:5)
  3 crimson imps (D:5)
  A bullfrog zombie (D:5)
  An orc wizard (D:6)
  2 hounds (D:4)
  Ijyb (D:3)
  Natasha (thrice) (D:3)
  An iguana (D:4)
  4 worker ants (D:5)
  5 adders
  A shadow imp (D:5)
  An ooze (D:2)
  6 worms
  2 dart slugs
  3 leopard geckos
  2 orcs
  10 bats
  2 giant cockroaches (D:3)
  6 goblins
  7 hobgoblins (D:1)
  11 jackals
  6 kobolds
  2 quokkas
  4 frilled lizards
  11 rats
102 creatures vanquished.

Notes
Turn   | Place    | Note
-------+----------+-------------------------------------------
     0 | D:1      | Kairos the Vine Stalker Fighter began the quest for the
                  | Orb.
     0 | D:1      | Reached XP level 1. HP: 11/11 MP: 2/2
    94 | D:1      | Reached skill level 2 in Axes
   119 | D:1      | Reached XP level 2. HP: 16/16 MP: 3/3
   735 | D:1      | Reached XP level 3. HP: 20/20 MP: 4/4
  1553 | D:2      | Found an opulent altar of Gozag.
  1572 | D:2      | Gained mutation: Your natural rate of healing is unusually
                  | fast. [Vine Stalker growth]
  1572 | D:2      | Reached XP level 4. HP: 24/24 MP: 5/5
  1956 | D:3      | Noticed Sigmund
  1966 | D:3      | Killed Sigmund
  1966 | D:3      | Reached skill level 3 in Axes
  1966 | D:3      | Reached XP level 5. HP: 28/28 MP: 6/6
  1975 | D:3      | Reached XP level 6. HP: 32/32 MP: 7/7
  1975 | D:3      | Noticed Natasha
  1993 | D:3      | Killed Natasha
  2054 | D:3      | Noticed Natasha
  2058 | D:3      | Killed Natasha
  2058 | D:3      | Reached skill level 4 in Axes
  2324 | D:3      | Noticed Natasha
  2328 | D:3      | Killed Natasha
  2402 | D:3      | Noticed Ijyb
  2423 | D:3      | Killed Ijyb
  2706 | D:4      | Found a stormy altar of Qazlal.
  2706 | D:4      | Found a sacrificial altar of Ru.
  2720 | D:4      | Found a shimmering altar of Xom.
  2720 | D:4      | Found a burning altar of Makhleb.
  2720 | D:4      | Found a glowing golden altar of the Shining One.
  2720 | D:4      | Found a snail-covered altar of Cheibriados.
  2722 | D:4      | Found a hide-covered altar of Uskayaw.
  2782 | D:4      | Reached XP level 7. HP: 32/36 MP: 6/8
  2873 | D:4      | Reached skill level 5 in Axes
  3447 | D:5      | Entered Level 5 of the Dungeon
  3493 | D:5      | Reached skill level 1 in Dodging
  3874 | D:5      | Got a transparent cloak
  3885 | D:5      | Identified the cursed -4 cloak of Zoupeex {rElec Str+3
                  | Int+4 Dex+2} (You found it on level 5 of the Dungeon)
  3905 | D:5      | Gained mutation: You have razor-sharp teeth. [Vine Stalker
                  | growth]
  3905 | D:5      | Reached XP level 8. HP: 42/42 MP: 9/9
  4167 | D:5      | Reached skill level 6 in Axes
  4336 | D:6      | Slain by an orc warrior

Skill      XL: |  1  2  3  4  5  6  7  8 |
---------------+-------------------------+-----
Axes           | 2 3 4 5 6 |  6.0
Fighting       | 3 4 |  4.4
Shields        | 3 4 |  4.9
Armour         | 3 4 |  4.1
Dodging        | 1 |  1.3
Stealth        | |  0.1

Action                   |  1- 3 |  4- 6 |  7- 9 || total
-------------------------+-------+-------+-------++-------
Melee: War axe           |    95 |   133 |   124 ||   352
       Bite              |    23 |    35 |    37 ||    95
  Use: Scroll            |     5 |     2 |     5 ||    12
       Potion            |     1 |       |       ||     1
  Eat: Chunk             |     2 |     4 |     5 ||    11
Armor: Scale mail        |    24 |       |       ||    24
       Fire dragon scale |    19 |    42 |    41 ||   102
Dodge: Dodged            |    17 |    15 |    23 ||    55
Block: Shield            |     3 |       |       ||     3
       Large shield      |    77 |   104 |   115 ||   296
